[Event "ACP Cup 2013"]
[Site "Riga"]
[Date "2013.09.13"]
[Round "1.3"]
[White "Fressinet, Laurent"]
[Black "Grischuk, Alexander"]
[Result "0-1"]
[ECO "A30"]
[WhiteElo "2708"]
[BlackElo "2785"]
[Annotator "Robot 3"]
[PlyCount "78"]
[EventDate "2013.??.??"]
[EventCountry "LAT"]
[TimeControl "180+2"]

1. Nf3 c5 2. c4 Nc6 3. e3 e5 4. d4 e4 5. Nfd2 cxd4 6. exd4 Nf6 7. d5 Ne5 8. Be2
Bc5 9. Nc3 e3 10. fxe3 d6 11. Nb3 Bb6 12. O-O O-O 13. Nd4 Re8 14. h3 Bd7 15. b3
Ba5 16. Bd2 Bxc3 17. Bxc3 Ne4 18. Qc2 Nxc3 19. Qxc3 Qg5 20. Kh2 Ng6 21. Rf3 Nh4
22. Rg3 Qe5 23. Rc1 Rac8 24. Qe1 Nf5 25. Nxf5 Bxf5 26. Qf2 Rc7 27. Rf1 Bg6 28.
Kg1 Rce7 29. h4 h6 30. Rf3 b6 31. g4 f6 32. Rg3 Qc3 33. g5 fxg5 34. hxg5 Rxe3
35. Rg2 h5 36. Bxh5 Bxh5 37. g6 Qf6 38. Qd2 Rf3 39. Re1 Rf8 0-1